 Dungeon Sprint DCSS version 0.28.0 (webtiles) character file.

Game seed: 16573844455117212248

2836 boopmooplesden the Cleaver (level 9, -1/93 HPs)
             Began as a Minotaur Fighter on Feb 16, 2022.
             Was a Follower of Okawaru.
             Slain by a deep troll (7 damage)
             ... in the Dungeon (Sprint II: "The Violet Keep of Menkaure").
             The game lasted 00:06:12 (2358 turns).

boopmooplesden the Cleaver (Minotaur Fighter)       Turns: 2358, Time: 00:06:12

Health: -1/93      AC: 13    Str: 24    XL:     9   Next: 45%
Magic:  8/8        EV: 11    Int:  5    God:    Okawaru [*.....]
Gold:   408        SH:  7    Dex: 11    Spells: 8/8 levels left

rFire   . . .      SeeInvis .   m - +4 war axe (freeze)
rCold   + . .      Faith    .   f - +0 buckler {rC+}
rNeg    . . .      Spirit   .   b - +0 scale mail
rPois   .          Reflect  .   (helmet restricted)
rElec   .          Harm     .   d - +0 cloak
rCorr   .          Rampage  +   (no gloves)
Will    .....      NoTele   +   e - +1 pair of boots {rampage}
Stlth   +.........              (no amulet)
HPRegen 0.25/turn               (no ring)
MPRegen 0.11/turn               (no ring)

@: very slow
A: horns 2, retaliatory headbutt
a: Renounce Religion, Heroism


You were in the Dungeon.
You worshipped Okawaru.
Okawaru was aware of your devotion.
You visited 1 branch You collected 1141 gold pieces.
You spent 733 gold pieces at shops.

Inventory:

Hand Weapons
 a - a +2 war axe
 m - a +4 war axe of freezing (weapon)
Missiles
 n - 2 boomerangs of dispersal (quivered)
 w - 6 silver javelins
Armour
 b - a +0 scale mail (worn)
 c - a +0 buckler
 d - a +0 cloak (worn)
 e - a +1 pair of boots of rampaging (worn)
 f - a +0 buckler of cold resistance (worn)
Jewellery
 r - an amulet of reflection
Scrolls
 i - a scroll of torment
 j - 2 scrolls of blinking
 v - 2 scrolls of amnesia
Potions
 g - a potion of haste
 h - 5 potions of magic
 k - 2 potions of curing
 l - a potion of brilliance
 p - a potion of degeneration {unknown}
 s - 2 potions of lignification
 t - 3 potions of resistance
 u - 2 potions of flight


   Skills:
 + Level 13.5 Fighting
 + Level 13.5 Axes
 + Level 13.0 Armour
 + Level 4.3 Dodging
 + Level 2.8 Stealth
 + Level 12.6 Shields


You had 8 spell levels left.
You didn't know any spells.
Your spell library contained the following spells:

 Spells                   Type           Power      Damage    Failure   Level
 Airstrike                Air            0%         N/A       100%        4
 Lightning Bolt           Conj/Air       0%         1d11      100%        5
 Orb of Destruction       Conj           0%         9d5       100%        7
 Summon Guardian Golem    Hex/Summ       Unusable   N/A       N/A         3
 Summon Lightning Spire   Summ/Air       Unusable   N/A       N/A         4
 Spellforged Servitor     Conj/Summ      Unusable   N/A       N/A         7

Dungeon Overview and Level Annotations

Branches:
Dungeon (1/1)

Altars:
Cheibriados
Dithmenos
Elyvilon
Fedhas
Gozag
Hepliaklqana
Kikubaaqudgha
Makhleb
Nemelex Xobeh
Okawaru
Qazlal
Ru
Sif Muna
Trog
Uskayaw
Vehumet
Wu Jian
Xom
Yredelemnul
Zin
The Shining One
Beogh
Jiyva
Lugonu

Shops:
D :(!::=?(:[[*!?=

Annotations:
D exclusion: oklob plant


Innate Abilities, Weirdness & Mutations

You have a pair of horns on your head.
You reflexively headbutt those who attack you in melee.


Message History

The tentacle closely misses you. You block the tentacle's attack.
You start resting.
The walls and floor vibrate strangely for a moment.
You start resting.
HP restored.
There is an open door here.
You enter the shallow water.
Moving in this stuff is going to be slow.
Okay, then.
You fail to use your ability.
You open the door.
A deep troll comes into view.
The deep troll shouts!
A deep troll comes into view.
Found 135 gold pieces.
Found 81 gold pieces.
The deep troll shouts!
The deep troll bites you! The deep troll claws you! x2
There is an open door, spattered with blood here.
You slash the deep troll! You freeze the deep troll.
The deep troll is moderately wounded.
You hit the deep troll. You freeze the deep troll. You hit the deep troll.
You freeze the deep troll.
You headbutt the deep troll, but do no damage.
The deep troll is moderately wounded.
You slash the deep troll! You freeze the deep troll. The deep troll bites you!
The deep troll claws you.
The deep troll claws you but does no damage.
The deep troll bites you! The deep troll claws you.
The deep troll barely misses you. Why would you want to do that?
You enter the shallow water.
Moving in this stuff is going to be slow.
The deep troll barely misses you. The deep troll claws you!
* * * LOW HITPOINT WARNING * * *
The deep troll claws you but does no damage.
The deep troll bites you!!
* * * LOW HITPOINT WARNING * * *
The deep troll claws you!
You die...

#..##.#▓(..|(.(.▓▓
##.^.##▓▓▓▓▓▓▓'▓▓▓▓+▓
.≈≈≈≈≈≈≈≈≈≈≈≈≈...≈≈≈▓
.≈#'########'###.≈≈≈▓
.≈#..._._._#≈≈≈##≈≈≈▓
§≈#_._)_._.#≈≈≈§####▓▓
§§#._._._._#≈≈§§§##§§#
§≈#_._._._.#≈≈≈§§§#§.#
≈§#._._._..#§§§§@§T$$+
§≈#_._._...#§≈§§§T#$.#
§§#._._....#≈§§§§§▓$$#
≈≈#.._.....#≈≈≈≈▓▓▓▓▓▓
≈≈##########≈≈§≈▓zzz
###≈≈≈≈≈≈≈≈≈≈≈≈≈▓zzz
###≈########≈▓▓▓▓▓▓▓
S##≈# #▓▓ ≈≈+≈#


You could see 2 deep trolls.

Vanquished Creatures
  A merfolk siren (D)
  A yaktaur (D)
  3 polar bears (D)
  A hornet (D)
  A blink frog (D)
  2 wyverns (D)
  4 water moccasins (D)
  4 necrophages (D)
  4 scorpions (D)
  2 tentacles (D)
23 creatures vanquished.

Vanquished Creatures (others)
  Menkaure (D)
  A water moccasin (D)
  15 tentacles (D)
17 creatures vanquished.

Grand Total: 40 creatures vanquished

Notes
Turn   | Place    | Note
-------+----------+-------------------------------------------
     0 | D        | boopmooplesden the Minotaur Fighter began the quest for the
                  | Orb.
     0 | D        | Reached XP level 1. HP: 19/19 MP: 0/0
     1 | D        | Noticed a necrophage
     1 | D        | Noticed a necrophage
     1 | D        | Noticed a necrophage
     1 | D        | Noticed a necrophage
     8 | D        | Killed a necrophage
     9 | D        | Reached XP level 2. HP: 17/31 MP: 1/1
     9 | D        | Reached XP level 3. HP: 21/38 MP: 2/2
     9 | D        | Reached XP level 4. HP: 25/45 MP: 3/3
    12 | D        | Killed a necrophage
    13 | D        | Reached XP level 5. HP: 30/53 MP: 4/4
    18 | D        | Killed a necrophage
    19 | D        | Reached skill level 5 in Axes
    20 | D        | Killed a necrophage
    21 | D        | Reached XP level 6. HP: 23/64 MP: 5/5
    53 | D        | Killed Menkaure
   225 | D        | Noticed a merfolk siren
   243 | D        | Killed a merfolk siren
   244 | D        | Reached skill level 10 in Fighting
   244 | D        | Reached skill level 10 in Shields
   244 | D        | Reached XP level 7. HP: 38/73 MP: 6/6
   657 | D        | Noticed a wyvern
   657 | D        | Noticed a wyvern
   667 | D        | Killed a wyvern
   668 | D        | Reached skill level 1 in Dodging
   668 | D        | Reached XP level 8. HP: 21/82 MP: 7/7
   671 | D        | Reached skill level 1 in Stealth
   967 | D        | Found Idoppiq's Book Boutique.
   967 | D        | Found Daqadonk's Antique Weapon Shop.
   967 | D        | Found Usugim's Antique Armour Shop.
   967 | D        | Found Taocixt's Magic Scroll Shop.
   967 | D        | Found Ymuggeidgh's Magic Scroll Boutique.
   968 | D        | Found Ginodghui's Jewellery Shop.
   968 | D        | Found Codael's Distillery.
   968 | D        | Found Ujefis's Assorted Antiques.
   968 | D        | Found Isatur's Jewellery Boutique.
   968 | D        | Found Fismo's Book Shop.
   968 | D        | Found Lokhaleh's Book Boutique.
   969 | D        | Found Qoxe's Antique Armour Shop.
   969 | D        | Found Idghif's Distillery.
   969 | D        | Found Nijocs's Antique Weapon Boutique.
   969 | D        | Noticed a fire dragon
   969 | D        | Noticed a hell hog
   982 | D        | Noticed a blink frog
   992 | D        | Killed a blink frog
   993 | D        | Reached skill level 10 in Axes
  1004 | D        | Noticed an oklob plant
  1005 | D        | Found Tyvav's Book Shoppe.
  1007 | D        | Noticed a hell hog
  1009 | D        | Bought a cloak for 103 gold pieces
  1016 | D        | Bought a pair of glowing boots for 210 gold pieces
  1016 | D        | Bought a glowing buckler for 210 gold pieces
  1055 | D        | Bought a scroll of enchant weapon for 105 gold pieces
  1057 | D        | Bought a scroll of enchant weapon for 105 gold pieces
  1090 | D        | Found a glowing golden altar of the Shining One.
  1090 | D        | Found an ornate altar of the Wu Jian Council.
  1090 | D        | Found a stormy altar of Qazlal.
  1091 | D        | Found a shimmering altar of Xom.
  1091 | D        | Found a sacrificial altar of Ru.
  1092 | D        | Found a basalt altar of Yredelemnul.
  1092 | D        | Found a shimmering blue altar of Sif Muna.
  1092 | D        | Found a viscous altar of Jiyva.
  1093 | D        | Found a glowing silver altar of Zin.
  1093 | D        | Found a bloodstained altar of Trog.
  1093 | D        | Found an ancient bone altar of Kikubaaqudgha.
  1094 | D        | Found a hide-covered altar of Uskayaw.
  1094 | D        | Found a corrupted altar of Lugonu.
  1094 | D        | Found a shadowy altar of Dithmenos.
  1095 | D        | Found a radiant altar of Vehumet.
  1095 | D        | Found a burning altar of Makhleb.
  1095 | D        | Found a white marble altar of Elyvilon.
  1096 | D        | Found a sparkling altar of Nemelex Xobeh.
  1096 | D        | Found a blossoming altar of Fedhas.
  1098 | D        | Found an iron altar of Okawaru.
  1098 | D        | Found an opulent altar of Gozag.
  1098 | D        | Found a hazy altar of Hepliaklqana.
  1098 | D        | Found a snail-covered altar of Cheibriados.
  1098 | D        | Noticed a hornet
  1098 | D        | Noticed a polar bear
  1098 | D        | Noticed a polar bear
  1099 | D        | Noticed a yaktaur
  1099 | D        | Noticed a polar bear
  1107 | D        | Became a worshipper of Warmaster Okawaru
  1112 | D        | Killed a polar bear
  1118 | D        | Killed a hornet
  1122 | D        | Killed a yaktaur
  1122 | D        | Reached * piety under Okawaru
  1122 | D        | Killed a polar bear
  1123 | D        | Reached XP level 9. HP: 81/92 MP: 8/8
  1128 | D        | Killed a polar bear
  1169 | D        | Noticed a kraken
  1587 | D        | Found the necklace of Bloodlust {*Rage Will++ Int-3 Slay+6}
  1922 | D        | Noticed an orange crystal statue
  2353 | D        | Noticed a deep troll
  2353 | D        | Noticed a deep troll
  2358 | D        | Slain by a deep troll

Illustrated notes

Levels and vault maps discovered:
D:        the_violet_keep_of_menkaure [sprint2_stairs_cluster_1,
          sprint2_shoproom, sprint2_temple, sprint2_basic_supplies,
          sprint2_obstacle_4, sprint2_obstacle_7, sprint2_obstacle_5,
          sprint2_obstacle_1, sprint2_obstacle_2, sprint2_timed_cluster_1,
          sprint2_smallroom_cluster_1, sprint2_smallroom_final_cluster_1,
          sprint2_transparent_cluster_1, sprint2_second_timed_cluster_1,
          sprint2_sniper_area_1, sprint2_heavy_combat_area_1,
          sprint2_mutation_trap_area_1, sprint2_forest_area_1,
          sprint2_light_combat_area_1, sprint2_behind_water_1,
          sprint2_near_end_vault_1]

Skill      XL: |  1  2  3  4  5  6  7  8  9 |
---------------+----------------------------+-----
Fighting       | 6 8 9 10 11 12 13 | 13.5
Axes           | 3 4 6 7 9 12 13 | 13.5
Armour         | 6 8 9 11 12 13 | 13.0
Shields        | 6 7 9 10 11 12 | 12.6
Dodging        | 1 3 4 |  4.3
Stealth        | 2 |  2.8

Action                   |  1- 3 |  4- 6 |  7- 9 || total
-------------------------+-------+-------+-------++-------
Melee: War axe           |     6 |    29 |   107 ||   142
       Headbutt          |       |     5 |    16 ||    21
Invok: Heroism           |       |       |     1 ||     1
  Use: Potion            |     1 |       |     4 ||     5
       Scroll            |       |       |    10 ||    10
Armor: Scale mail        |     2 |     3 |    49 ||    54
Dodge: Dodged            |     2 |     4 |    60 ||    66
Block: Buckler           |       |     4 |    30 ||    34
